 Dungeon Crawl Stone Soup version 0.21.0 (console) character file.

805 Kloppie the Chopper (level 7, -7/61 HPs)
             Began as a Minotaur Fighter on Jan 7, 2018.
             Was an Initiate of Wu Jian.
             Mangled by a two-headed ogre
             ... wielding a +0 giant club
              (13 damage)
             ... on level 4 of the Dungeon.
             The game lasted 00:05:12 (2757 turns).

Kloppie the Chopper (Minotaur Fighter)              Turns: 2757, Time: 00:05:13

Health: -7/61      AC: 13    Str: 22    XL:     7   Next: 60%
Magic:  6/6        EV:  4    Int:  5    God:    Wu Jian [......]
Gold:   244        SH:  9    Dex: 10    Spells: 6/6 levels left

rFire    . . .     SeeInvis .   a - +0 war axe
rCold    . . .     Gourm    .   c - +0 shield
rNeg     . . .     Faith    .   o - +0 plate armour (curse)
rPois    +         Spirit   .   (helmet restricted)
rElec    .         Reflect  .   (no cloak)
rCorr    .         Harm     .   (no gloves)
MR       .....                  (no boots)
Stlth    ..........             (no amulet)
HPRegen  0.20/turn              j - ring of poison resistance
MPRegen  0.10/turn              (no ring)

@: no status effects
A: retaliatory headbutt, horns 2
a: Renounce Religion


You were on level 4 of the Dungeon.
You worshipped Wu Jian.
Wu Jian was noncommittal.
You were not hungry.

You visited 2 branches of the dungeon, and saw 5 of its levels.

You collected 244 gold pieces.

Inventory:

Hand Weapons
 a - a +0 war axe (weapon)
Armour
 c - a +0 shield (worn)
 o - a cursed +0 plate armour (worn)
Jewellery
 j - a ring of poison resistance (left hand)
Scrolls
 b - a scroll of blinking {unknown}
 g - 2 scrolls of amnesia
 h - a scroll of enchant weapon {unknown}
 k - 5 scrolls of identify
 m - 2 scrolls of teleportation
Potions
 d - a potion of might
 i - a potion of ambrosia
 l - a potion of degeneration
 p - a potion of flight
 q - 2 potions of curing {unknown}
 r - a potion of agility
 s - a potion of brilliance {unknown}
Books
 e - a book of Changes

   Spells                             Type                      Level
   a - Beastly Appendage              Transmutation                1
   b - Sticks to Snakes               Transmutation                2
   c - Spider Form                    Transmutation/Poison         3
   d - Ice Form                       Ice/Transmutation            4
   e - Blade Hands                    Transmutation                5
Comestibles
 f - 9 rations
 n - 13 chunks of flesh


   Skills:
 - Level 5.6 Fighting
 + Level 7.6 Axes
 + Level 6.8 Armour
 - Level 3.6 Shields


You had 6 spell levels left.
You didn't know any spells.

Dungeon Overview and Level Annotations

Branches:
Dungeon (4/15)             Temple (1/1) D:4

Altars:
Ashenzari
Cheibriados
Dithmenos
Elyvilon
Fedhas
Gozag
Hepliaklqana
Kikubaaqudgha
Makhleb
Okawaru
Qazlal
Ru
Sif Muna
Trog
Uskayaw
Vehumet
Wu Jian
Yredelemnul
Zin
The Shining One

Annotations:
D:2 1 runed door


Innate Abilities, Weirdness & Mutations

You reflexively headbutt those who attack you in melee.
You have a pair of horns on your head.


Message History

Okay, then.
You aren't carrying any items that you can evoke.
You hit the two-headed ogre but do no damage.
The two-headed ogre hits you with a giant club!
The two-headed ogre hits you with a giant spiked club!
Okay, then.
You hit the two-headed ogre.
Your headbutt misses the two-headed ogre.
The two-headed ogre is lightly wounded.
The two-headed ogre hits you with a giant club!!
* * * LOW HITPOINT WARNING * * *
The two-headed ogre hits you with a giant spiked club!
* * * LOW HITPOINT WARNING * * *
2 orcs, an orc priest and an orc wizard come into view.
The orc wizard shouts!
The orc shouts!
The orc priest shouts!
You hear a shout!
The orc wizard mumbles some strange words.
The orc wizard blinks!
There is a stone staircase leading up here.
The two-headed ogre hits you with a giant club!
You die...

#......##....####....##.....#.
#.#...รท...#### #.#####...###
###....>...## #.# #...##
##...<......# ##.####.#.#
...##.......# #..........#
######.....## .. #####..## #
#.......# .#.# ##.##
#####.......#####...# #..#
.............##O@..## ##.##
>.####.....#...o....###..# ..#
#.....####..#.#.....###
..###.##### .o.##.####....## #
..##..# #o#### .# #(.##..##
### ..##.## #. ## #.# ##..#
#.. ..##.# #. #.. ##.# #.#
.###.# . #.# #.###.# ..##.# .
.. #.....(


You could see a two-headed ogre, an orc priest and 2 orcs.

Vanquished Creatures
  An orc warrior (D:4)
  2 phantoms (D:4)
  An ogre (D:4)
  A scorpion (D:4)
  A hound (D:4)
  3 orc priests
  Jessica (D:2)
  3 worker ants (D:4)
  7 adders
  3 oozes
  2 worms (D:2)
  4 dart slugs
  2 leopard geckos
  10 orcs
  A ball python (D:3)
  7 giant cockroaches
  5 hobgoblins
  7 jackals
  3 quokkas
  6 bats
  4 frilled lizards
  7 goblins
  8 kobolds
  6 rats
95 creatures vanquished.

Notes
Turn   | Place    | Note
-------+----------+-------------------------------------------
     0 | D:1      | Kloppie the Minotaur Fighter began the quest for the Orb.
     0 | D:1      | Reached XP level 1. HP: 19/19 MP: 0/0
    56 | D:1      | Reached XP level 2. HP: 27/27 MP: 1/1
    81 | D:1      | Reached skill level 3 in Axes
   470 | D:2      | Noticed Jessica
   479 | D:2      | Reached XP level 3. HP: 20/34 MP: 2/2
   483 | D:2      | Killed Jessica
   654 | D:2      | Reached skill level 4 in Axes
   700 | D:2      | Reached skill level 5 in Fighting
   700 | D:2      | Reached XP level 4. HP: 41/42 MP: 3/3
   823 | D:2      | Found a deep blue altar of Sif Muna.
   835 | D:2      | Found a burning altar of Makhleb.
  1024 | D:2      | Found a runed door.
  1445 | D:3      | Reached XP level 5. HP: 35/49 MP: 4/4
  1671 | D:3      | Reached skill level 5 in Axes
  2152 | D:4      | Reached XP level 6. HP: 54/56 MP: 5/5
  2157 | D:4      | Found a staircase to the Ecumenical Temple.
  2178 | D:4      | Reached skill level 6 in Axes
  2178 | D:4      | Reached skill level 5 in Armour
  2185 | Temple   | Entered the Ecumenical Temple
  2192 | Temple   | Became a worshipper of the Wu Jian Council
  2261 | D:4      | Noticed an orc warrior
  2271 | D:4      | Killed an orc warrior
  2271 | D:4      | Reached XP level 7. HP: 12/61 MP: 6/6
  2273 | D:4      | Reached skill level 7 in Axes
  2735 | D:4      | Noticed a two-headed ogre
  2744 | D:4      | HP: 3/61 [two-headed ogre/giant club (13)]
  2757 | D:4      | Mangled by a two-headed ogre

Skill      XL: |  1  2  3  4  5  6  7 |
---------------+----------------------+-----
Fighting       | 4 5 |  5.6
Axes           | 3 4 5 6 7 |  7.6
Armour         | 4 5 6 |  6.8
Shields        | |  3.6

Action                   |  1- 3 |  4- 6 |  7- 9 || total
-------------------------+-------+-------+-------++-------
Melee: War axe           |    60 |   137 |    40 ||   237
       Headbutt          |     6 |    27 |     9 ||    42
Invok: Lunge             |       |     1 |     3 ||     4
  Use: Scroll            |       |     7 |       ||     7
       Potion            |       |     1 |       ||     1
  Eat: Chunk             |       |     5 |     1 ||     6
Armor: Scale mail        |    36 |     1 |       ||    37
       Plate armour      |       |    73 |    29 ||   102
Dodge: Dodged            |    16 |    19 |    10 ||    45
Block: Shield            |    29 |    60 |    21 ||   110
